 Dungeon Crawl Stone Soup version 0.25-a0-404-gc1b5a34 (webtiles) character file.

Game seed: 112943855810343149, levelgen mode: deterministic

4054 Firecrotchwizard the Fighter (level 10, 0/166 HPs)
             Began as an Ogre Berserker on Jan 12, 2020.
             Was an Elder of Trog.
             Slain by a troll (12 damage)
             ... on level 9 of the Dungeon.
             The game lasted 00:21:49 (12639 turns).

Firecrotchwizard the Fighter (Ogre Berserker)      Turns: 12639, Time: 00:21:49

Health: 0/166      AC:  4    Str: 31    XL:     10   Next: 24%
Magic:  10/10      EV: 12    Int:  8    God:    Trog [****..]
Gold:   173        SH:  0    Dex: 12    Spells: 9/9 levels left

rFire    . . .     SeeInvis .   p - +1 flail
rCold    . . .     Gourm    .   (no shield)
rNeg     . . .     Faith    .   H - +1 robe
rPois    +         Spirit   .   (helmet restricted)
rElec    .         Reflect  .   (no cloak)
rCorr    .         Harm     .   (gloves unavailable)
MR       +....                  (boots unavailable)
Stlth    ..........             (no amulet)
HPRegen  0.37/turn              f - ring of poison resistance {rPois, !d}
MPRegen  0.12/turn              i - +4 ring of dexterity

@: berserking, very quick
A: large, unfitting armour, tough skin 1
a: Berserk, Trog's Hand, Brothers in Arms, Renounce Religion


You were on level 9 of the Dungeon.
You worshipped Trog.
Trog was greatly pleased with you.
You were very hungry.

You visited 1 branch of the dungeon, and saw 9 of its levels.
You also visited: Bailey.

You collected 403 gold pieces.
You spent 230 gold pieces at shops.

Inventory:

Hand Weapons
 a - a +0 mace
 p - a +1 flail (weapon)
   (You took it off an orc on level 4 of the Dungeon)
Missiles
 r - 7 boomerangs
 G - 3 large rocks (quivered) {!d}
Armour
 b - a +0 animal skin
 H - a +1 robe (worn)
   (You took it off Pikel on level 6 of the Dungeon)
Jewellery
 f - a ring of poison resistance (left hand) {rPois, !d}
   (You found it on level 4 of the Dungeon)
 i - a +4 ring of dexterity (right hand)
   (You took it off an orc on level 3 of the Dungeon)
 u - an uncursed ring of ice {rC+, rF-}
   (You took it off an orc on level 5 of the Dungeon)
 z - a +5 ring of intelligence
   (You found it on level 7 of the Dungeon)
Wands
 j - a wand of random effects (14)
   (You found it on level 3 of the Dungeon)
 n - a wand of polymorph (7)
   (You found it on level 4 of the Dungeon)
 E - a wand of iceblast (11)
   (You found it on level 7 of the Dungeon)
Scrolls
 g - 3 scrolls of remove curse
 t - 3 scrolls of teleportation
 x - a scroll of magic mapping {!r}
 y - 2 scrolls of fear
 B - a scroll of blinking {!r}
 D - a scroll of fog
Potions
 d - 2 potions of curing {unknown}
 e - 2 potions of degeneration {unknown}
 h - 2 potions of invisibility {unknown}
 k - 2 potions of magic
 l - a potion of agility {unknown}
 m - a potion of berserk rage {unknown}
 o - 2 potions of might
 q - 2 potions of flight {unknown}
 s - 5 potions of heal wounds
 v - a potion of resistance {unknown}
 w - 3 potions of ambrosia {unknown}
 A - a potion of brilliance {unknown}
 C - 2 potions of lignification {unknown}
 F - a potion of mutation {unknown}
Comestibles
 c - 17 rations


   Skills:
 + Level 10.5 Fighting
 * Level 10.1 Maces & Flails
 + Level 2.6 Throwing
 - Level 6.0 Dodging


You had 9 spell levels left.
You didn't know any spells.
Your spell library was empty.

Dungeon Overview and Level Annotations

Branches:
Dungeon (9/15)             Temple (0/1) D:6          Bailey (visited)
   Lair: D:8-11         Orc: D:9-12

Altars:
Fedhas
Gozag
Sif Muna
Trog
Vehumet

Shops:
D:8 }}%!!


Innate Abilities, Weirdness & Mutations

You are too large for most types of armour.
You have tough skin. (AC +1)


Message History

Trog accepts your kill.
No target in view!
No target in view!
You climb downwards.
The orc hits you but does no damage.
There is a stone staircase leading up, spattered with blood here.
You hit the orc but do no damage. The orc hits you with a +0 mace.
You take 6 damage, and have 93/111 hp.
You sock the orc!
You kill the orc!
Trog accepts your kill.
No target in view!
Things that are here:
a +0 mace; a cursed +0 chain mail
Found a stone staircase leading down.
You now have 143 gold pieces (gained 19).
C - 2 blue potions (gained 1)
You now have 158 gold pieces (gained 15).
A scorpion comes into view.
You regained 5 hp, and now have 100/111 hp.
Throwing (i - inventory)
G - 4 large rocks (quivered)
{!d}
Aim: a scorpion (hasn't noticed you)
You throw a large rock {!d}.
The large rock {!d} closely misses the scorpion.
You closely miss the scorpion. The scorpion barely misses you.
You bludgeon the scorpion!!
You kill the scorpion!
Trog accepts your kill.
No target in view!
c - 17 rations (gained 1)
G - 4 large rocks {!d} (gained 1)
A bullfrog skeleton comes into view.
You regained 7 hp, and now have 109/111 hp.
Found an escape hatch in the floor.
You sock the bullfrog skeleton!
The bullfrog skeleton barely misses you.
You sock the bullfrog skeleton! The bullfrog skeleton misses you.
You hit the bullfrog skeleton.
The bullfrog skeleton hits you but does no damage.
Health restored: 111 You hit the bullfrog skeleton.
The bullfrog skeleton hits you.
The bullfrog skeleton closely misses you.
You take 5 damage, and have 106/111 hp.
You hit the bullfrog skeleton. The bullfrog skeleton hits you.
You take 2 damage, and have 104/111 hp.
You bludgeon the bullfrog skeleton!!
You destroy the bullfrog skeleton!
Trog accepts your kill.
All of the chunks of flesh in your inventory have rotted away.
You now have enough gold to buy a potion of haste on D:8.
You now have 173 gold pieces (gained 15).
A troll comes into view.
Health restored: 111 Throwing (i - inventory)
G - 4 large rocks (quivered)
{!d}
Aim: a troll (resting)
You throw a large rock {!d}.
The large rock {!d} hits the troll but does no damage.
The troll shouts!
You hear a shout!
An orc comes into view. It is wielding a +0 war axe.
You barely miss the troll. The troll bites you. The troll claws you!
The troll completely misses you.
You take 16 damage, and have 95/111 hp.
You closely miss the troll. The troll misses you.
The troll claws you but does no damage. The troll claws you.
You take 1 damage, and have 94/111 hp.
You completely miss the troll. You barely miss the troll. The troll bites you!
The troll barely misses you. The troll closely misses you.
An orc comes into view. It is wielding a +0 flail.
You take 16 damage, and have 78/111 hp.
You hit the troll. The troll bites you!! The troll closely misses you.
The troll misses you.
You take 18 damage, and have 60/111 hp.
You hit the troll but do no damage. The troll bites you!
The troll closely misses you. The troll claws you.
You take 17 damage, and have 43/111 hp.
You sock the troll!
An orc warrior comes into view. It is wielding a +0 trident.
The troll bites you! The troll claws you but does no damage.
The troll closely misses you.
You take 9 damage, and have 34/111 hp.
A red film seems to cover your vision as you go berserk!
You feel yourself moving faster!
You feel mighty!
You are feeling very hungry.
The orc warrior shouts!
You hear a shout!
The troll bites you!
* * * LOW HITPOINT WARNING * * *
The troll claws you!
* * * LOW HITPOINT WARNING * * *
The troll claws you.
* * * LOW HITPOINT WARNING * * *
You now have 20/166 hp.
You hit the troll. The troll bites you!
* * * LOW HITPOINT WARNING * * *
The troll barely misses you. The troll claws you.
* * * LOW HITPOINT WARNING * * *
You take 8 damage, and have 12/166 hp.
You sock the troll! The orc closely misses you.
You barely miss the troll. The troll barely misses you.
The troll completely misses you. The troll claws you!
You die...

..........#...#...#.....#
..........#.#.###.#.....#
........###.#...#.###...#
............#####.......#
............#####.......#
........###.#...#.###...#
..........#.#.#.#.#.....#
..........#...#...#.....#
.........@#########.....##
.........oT...............
.....................^....
####..#######o........####
#.. ........# #..
........# # ..o.....####
.....>...... ............


You could see a troll, an orc warrior and 2 orcs.

Vanquished Creatures
  Pikel (D:6)
  A hornet (D:8)
  A wyvern (D:9)
  A yak (D:5)
  A warg (D:8)
  2 soldier ants (D:8)
  An ice beast (D:7)
  3 orc warriors
  A black bear (D:8)
  2 phantoms (D:5)
  2 ogres
  2 centaurs (D:8)
  A big kobold (D:8)
  2 bullfrogs
  2 scorpions
  A killer bee (D:8)
  4 howler monkeys
  A centaur zombie (D:6)
  5 crimson imps
  A bullfrog zombie (D:7)
  2 hounds
  A jelly (D:7)
  8 orc priests
  2 centaur skeletons
  3 bullfrog skeletons
  8 orc wizards
  An iguana (D:5)
  2 worker ants
  A killer bee zombie (D:8)
  2 hound skeletons
  A hound zombie (D:7)
  Robin (D:4)
  A howler monkey zombie (D:7)
  A worker ant zombie (D:5)
  4 adders
  A shadow imp (D:9)
  2 oozes
  2 adder zombies
  An adder skeleton (D:6)
  5 worms
  A dart slug (D:4)
  5 leopard geckos
  29 orcs
  4 ball pythons
  11 bats
  8 giant cockroaches
  15 goblins
  10 hobgoblins
  12 jackals
  5 quokkas
  A ball python skeleton (D:4)
  A ball python zombie (D:5)
  6 frilled lizards
  2 jackal skeletons
  8 kobolds
  12 rats
214 creatures vanquished.

Vanquished Creatures (others)
  An adder skeleton (D:7)
  An orc (D:7)
2 creatures vanquished.

Grand Total: 216 creatures vanquished

Notes
Turn   | Place    | Note
-------+----------+-------------------------------------------
     0 | D:1      | Firecrotchwizard the Ogre Berserker began the quest for the
                  | Orb.
     0 | D:1      | Reached XP level 1. HP: 24/24 MP: 1/1
   181 | D:1      | Reached skill level 3 in Maces & Flails
   184 | D:1      | Reached XP level 2. HP: 26/32 MP: 2/2
   531 | D:1      | You fall into a shaft and drop 1 floor!
   632 | D:1      | Reached XP level 3. HP: 38/40 MP: 3/3
   765 | D:1      | Reached ** piety under Trog
  1574 | D:2      | Reached XP level 4. HP: 43/49 MP: 4/4
  1613 | D:2      | Reached skill level 4 in Maces & Flails
  1618 | D:2      | You fall into a shaft and drop 1 floor!
  1902 | D:2      | Reached skill level 5 in Fighting
  2427 | D:3      | Reached *** piety under Trog
  2664 | D:3      | Found a bloodstained altar of Trog.
  2666 | D:3      | Reached XP level 5. HP: 57/57 MP: 5/5
  3529 | D:4      | Noticed Robin
  3793 | D:4      | Killed Robin
  3806 | D:4      | Reached skill level 5 in Maces & Flails
  4088 | D:5      | Entered Level 5 of the Dungeon
  4127 | D:4      | HP: 14/59 [orc/+0 whip (4)]
  4458 | D:4      | Reached XP level 6. HP: 40/67 MP: 6/6
  4596 | D:5      | Reached skill level 6 in Fighting
  4896 | D:5      | Noticed a yak
  4914 | D:5      | HP: 13/100 [yak (18)]
  4917 | D:5      | Killed a yak
  4917 | D:5      | Reached skill level 3 in Dodging
  4917 | D:5      | Reached XP level 7. HP: 15/76 MP: 7/7
  4993 | D:5      | Reached **** piety under Trog
  5245 | D:5      | Reached skill level 6 in Maces & Flails
  5274 | D:5      | HP: 24/114 [orc priest/divine providence (13)]
  6474 | D:5      | Reached skill level 7 in Fighting
  6867 | D:5      | Reached XP level 8. HP: 40/87 MP: 8/8
  6895 | D:5      | Reached skill level 4 in Dodging
  7343 | D:5      | Reached skill level 7 in Maces & Flails
  8106 | D:6      | Found a staircase to the Ecumenical Temple.
  8118 | D:6      | Reached skill level 8 in Fighting
  8700 | D:7      | Noticed Pikel
  8722 | D:6      | Killed Pikel
  8722 | D:6      | Reached skill level 8 in Maces & Flails
  8722 | D:6      | Reached skill level 5 in Dodging
  8722 | D:6      | Reached XP level 9. HP: 37/97 MP: 9/9
  9048 | D:7      | Found a flagged portal.
  9078 | D:7      | HP: 23/97 [ice beast (6)]
  9081 | D:7      | HP: 1/145 [ice beast (14)]
  9083 | D:7      | Reached skill level 9 in Fighting
  9346 | Bailey   | Entered a bailey
 10673 | D:8      | Reached skill level 9 in Maces & Flails
 11046 | D:8      | Found Couk's Gadget Boutique.
 11046 | D:8      | Found Apyejank's Gadget Shop.
 11075 | D:8      | Found a blossoming altar of Fedhas.
 11075 | D:8      | Found a radiant altar of Vehumet.
 11092 | D:8      | Reached skill level 6 in Dodging
 11433 | D:8      | Found Zas Neas's Food Shop.
 11537 | D:8      | Noticed a hornet
 11543 | D:8      | Killed a hornet
 11543 | D:8      | Reached skill level 10 in Fighting
 11543 | D:8      | Reached skill level 1 in Throwing
 11545 | D:8      | Reached XP level 10. HP: 110/110 MP: 10/10
 11612 | D:8      | Found a shimmering blue altar of Sif Muna.
 11664 | D:8      | Found Ciniuler's Distillery.
 11670 | D:8      | Bought a potion of heal wounds for 80 gold pieces
 11670 | D:8      | Bought a potion of heal wounds for 80 gold pieces
 11742 | D:8      | Found Jeeje's Distillery.
 11745 | D:8      | Bought a potion of heal wounds for 70 gold pieces
 11747 | D:8      | Found an opulent altar of Gozag.
 12042 | D:9      | Reached skill level 2 in Throwing
 12158 | D:8      | Reached skill level 10 in Maces & Flails
 12636 | D:9      | HP: 36/166 [troll (15)]
 12637 | D:9      | HP: 14/166 [troll (7)]
 12639 | D:9      | Slain by a troll

Levels and vault maps discovered:
D:1:      ncdulo_watergridlock, layout_rooms, serial_glass, glass_columns_a,
          glass_columns_a, minmay_misc_feat_room
D:2:      layout_basic, first_ration
D:3:      layout_rooms, cheibrodos_sewer_entry_sluice, hex_tiny,
          trog_butcher_becter
D:4:      layout_cave_pools, uniq_robin
D:5:      layout_layer_cave, minmay_pentangle
D:6:      layout_rooms, minmay_temple_entry_mist,
          hangedman_decor_clover_reticule, skrybe_limestone_x, minivault_14
D:7:      layout_cave_pods, enter_bailey_6, uniq_pikel
D:8:      layout_loops_ring, nicolae_gozag_cash_rules_everything_around_me,
          grunt_temple_overflow_open, serial_shops,
          nicolae_shop_temple_entry_statues_fountains, shop, shop,
          kennysheep_mini, shop, hangedman_pestilent_swarm
D:9:      cheibrodos_barr_body, layout_small_grid, erik_lair_orcish_takeover,
          bh_walls_and_bars

Skill      XL: |  1  2  3  4  5  6  7  8  9 10 |
---------------+-------------------------------+-----
Maces & Flails | 3 4 5 6 8 9 10 | 10.1
Fighting       | 5 6 7 8 10 | 10.5
Dodging        | 3 5 6 |  6.0
Throwing       | 1 2 |  2.6

Action                   |  1- 3 |  4- 6 |  7- 9 | 10-12 || total
-------------------------+-------+-------+-------+-------++-------
Melee: Mace              |   140 |   157 |       |       ||   297
       Flail             |       |    95 |   344 |    72 ||   511
       Whip              |       |       |    56 |       ||    56
Throw: Boomerang         |       |       |     5 |       ||     5
       Large rock        |       |       |       |     2 ||     2
Invok: Berserk           |       |     2 |     7 |     2 ||    11
       Trog's Hand       |       |       |     1 |     1 ||     2
Evoke: Wand              |       |       |     2 |       ||     2
  Use: Scroll            |       |     4 |     8 |     1 ||    13
  Eat: Chunk             |     2 |    12 |    18 |     2 ||    34
       Ration            |       |       |     3 |     1 ||     4
Armor: Animal skin       |    48 |    77 |    73 |       ||   198
       Robe              |       |       |       |    17 ||    17
Dodge: Dodged            |    87 |   185 |   205 |    57 ||   534

Table legend:
 A = Non-vault XP
 B = Vault XP
 C = Vault XP percentage of total XP
 D = Non-vault monster count
 E = Vault monster count
 F = Vault count percentage of total count
                 A         B        C        D         E       F
            +---------+---------+-------+---------+---------+-------
      Total |    3678 |    2114 |  36.5 |     173 |      42 |  19.5
            +---------+---------+-------+---------+---------+-------
        D:1 |      37 |       0 |   0.0 |      25 |       0 |   0.0
        D:2 |      68 |       0 |   0.0 |      28 |       0 |   0.0
        D:3 |      43 |      24 |  35.8 |      21 |       8 |  27.6
        D:4 |     180 |      40 |  18.2 |      17 |      13 |  43.3
        D:5 |     764 |     435 |  36.3 |      22 |      10 |  31.2
        D:6 |     443 |     629 |  58.7 |      19 |       1 |   5.0
        D:7 |     517 |       0 |   0.0 |      12 |       0 |   0.0
        D:8 |    1266 |     914 |  41.9 |      22 |       9 |  29.0
        D:9 |     360 |      72 |  16.7 |       7 |       1 |  12.5
            +---------+---------+-------+---------+---------+-------

Levels and vault maps discovered:
D:1:      ncdulo_watergridlock, layout_rooms, serial_glass, glass_columns_a,
          glass_columns_a, minmay_misc_feat_room
D:2:      layout_basic, first_ration
D:3:      layout_rooms, cheibrodos_sewer_entry_sluice, hex_tiny,
          trog_butcher_becter
D:4:      layout_cave_pools, uniq_robin
D:5:      layout_layer_cave, minmay_pentangle
D:6:      layout_rooms, minmay_temple_entry_mist,
          hangedman_decor_clover_reticule, skrybe_limestone_x, minivault_14
D:7:      layout_cave_pods, enter_bailey_6, uniq_pikel
D:8:      layout_loops_ring, nicolae_gozag_cash_rules_everything_around_me,
          grunt_temple_overflow_open, serial_shops,
          nicolae_shop_temple_entry_statues_fountains, shop, shop,
          kennysheep_mini, shop, hangedman_pestilent_swarm
D:9:      cheibrodos_barr_body, layout_small_grid, erik_lair_orcish_takeover,
          bh_walls_and_bars

Table legend:
 A = Turns spent in this place as a percentage of turns spent in the entire game.
 B = Non-inter-level travel turns spent in this place as a percentage of non-inter-level travel turns spent in the entire game.
 C = Inter-level travel turns spent in this place as a percentage of turns spent in this place.
 D = Turns resting spent in this place as a percentage of non-inter-level travel turns spent in this place.
 E = Turns spent auto-exploring this place as a percentage of non-inter-level travel turns spent in this place.
 F = Non-inter-level travel turns spent in this place divided by the number of levels of this place that you've seen.
                   A       B       C       D       E      F
               +-------+-------+-------+-------+-------+----------------------
         Total | 100.0 | 100.0 |   5.0 |  49.0 |  34.6 | 1201.3
       Dungeon | 100.0 | 100.0 |   5.0 |  49.0 |  34.6 | 1334.4
        Bailey |   0.0 |   0.0 |   0.0 |   0.0 |   0.0 |   3.0
               +-------+-------+-------+-------+-------+----------------------

Table legend:
 A = Kills in this place as a percentage of kills in entire the game.
 B = Kills by you in this place as a percentage of kills by you in the entire game.
 C = Kills by friends in this place as a percentage of kills by friends in the entire game.
 D = Other kills in this place as a percentage of other kills in the entire game.
 E = Experience gained in this place as a percentage of experience gained in the entire game.
 F = Experience gained in this place divided by the number of levels of this place that you have seen.
                   A       B       C       D       E      F
               +-------+-------+-------+-------+-------+----------------------
         Total | 100.0 | 100.0 |   N/A | 100.0 | 100.0 | 579.2
       Dungeon | 100.0 | 100.0 |   N/A | 100.0 | 100.0 | 643.6
               +-------+-------+-------+-------+-------+----------------------
